 Dungeon Crawl Stone Soup version 0.30-a0-883-g5ad918d77d (webtiles) character file.

Game seed: 12975790904746939505

5 sircluck the Sneak (level 1, -2/10 HPs)
             Began as a Spriggan Brigand on Mar 15, 2023.
             Slain by an ice beast (9 damage)
             ... on level 5 of the Dungeon.
             The game lasted 00:01:37 (252 turns).

sircluck the Sneak (Spriggan Brigand)                Turns: 252, Time: 00:01:37

Health: -2/10      AC:  3    Str:  7    XL:     1   Next: 66%
Magic:  2/2        EV: 16    Int: 12    God:
Gold:   23         SH:  0    Dex: 16    Spells: 0/0 levels left

rFire   . . .      SeeInvis +    a - +2 dagger
rCold   . . .      Faith    .    (no shield)
rNeg    . . .      Spirit   .    b - +0 robe
rPois   .          Reflect  .    (helmet restricted)
rElec   .          Rampage  .    c - +0 cloak
rCorr   .                        (gloves unavailable)
Will    .....                    (boots unavailable)
Stlth   +++                      (no amulet)
HPRegen 0.21/turn                (no ring)
MPRegen 0.08/turn                (no ring)

@: very quick
A: very small, no large weapons, unfitting armour, see invisible, speed 3
a: no special abilities


You were on level 5 of the Dungeon.
You visited 1 branch of the dungeon, and saw 5 of its levels.

You collected 23 gold pieces.

Inventory:

Hand Weapons
 a - a +2 dagger (weapon)
Missiles
 d - 9 poisoned darts (quivered)
 e - 3 curare-tipped darts
Armour
 b - a +0 robe (worn)
 c - a +0 cloak (worn)
Scrolls
 f - a scroll of blinking {unknown}
 h - a scroll of enchant armour {unknown}
Potions
 g - a potion of berserk rage {unknown}


   Skills:
 + Level 1.6 Fighting
 + Level 2.3 Short Blades
 + Level 2.0 Throwing
 + Level 1.4 Dodging
 + Level 6.1 Stealth


You couldn't memorise any spells.
You didn't know any spells.
Your spell library was empty.

Dungeon Overview and Level Annotations

Branches:
Dungeon (4/15)
 Temple: D:4-7

Altars:


Innate Abilities, Weirdness & Mutations

You are very small and have problems with some larger weapons.
You are too small for most types of armour.
You have supernaturally acute eyesight. (SInv)
You cover ground extremely quickly. (Speed+++)


Message History

Found 13 gold pieces.
Found a dagger.
There is a stone staircase leading down here.
You climb downwards.
Found 17 gold pieces and a scroll labelled IPTIURIOSO.
There is a stone staircase leading up here.
Found an escape hatch in the floor.
Found a scroll labelled DIMNUD OCECYNT.
There is a shaft here.
You fall into a shaft and drop 1 floor!
The shaft crumbles and collapses.
You open the door.
An ice beast comes into view.
Found a stone staircase leading down.
There is an open door here.
The helpless ice beast fails to defend itself.
You impale the ice beast!!
The ice beast is severely wounded.
You hit the ice beast.
The ice beast is almost dead.
The ice beast barely misses you.
You hit the ice beast but do no damage.
The ice beast is almost dead.
The ice beast closely misses you.
You barely miss the ice beast.
The ice beast is almost dead.
The ice beast misses you.
You hit the ice beast but do no damage. You punch the ice beast.
The ice beast is almost dead.
The ice beast misses you.
You closely miss the ice beast.
The ice beast is almost dead.
The ice beast hits you but does no damage.
You hit the ice beast but do no damage.
The ice beast is almost dead.
You hit the ice beast but do no damage.
The ice beast is almost dead.
The ice beast hits you. The ice beast freezes you!
Ouch! That really hurt!
You die...

.# .# .# ..
##########.# #
.........#.##.#.#
.........#.>....#
.........@Y.#
.........##.#
.........# #
.........#
##########


You could see an ice beast.

Vanquished Creatures
  An endoplasm (D:2)
  2 goblins (D:3)
  2 ball pythons (D:3)
5 creatures vanquished.

Vanquished Creatures (others)
  A plant (D:1)
1 creature vanquished.

Grand Total: 6 creatures vanquished

Notes
Turn   | Place    | Note
-------+----------+-------------------------------------------
     0 | D:1      | sircluck the Spriggan Brigand began the quest for the Orb.
     0 | D:1      | Reached XP level 1. HP: 10/10 MP: 2/2
    73 | D:2      | Reached skill level 6 in Stealth
   238 | D:4      | You fall into a shaft and drop 1 floor!
   238 | D:5      | Entered Level 5 of the Dungeon
   243 | D:5      | Noticed an ice beast
   252 | D:5      | Slain by an ice beast

Illustrated notes

Levels and vault maps discovered:
D:1:      lemuel_arrival_muddy, layout_rooms, reono_crystal_passage,
          serial_bayou_pond_d, minmay_misc_feat_rugged, nrook_mini_backslash,
          minmay_misc_feat_x
D:2:      layout_rooms
D:3:      layout_basic, nicolae_qazlal_general_emergency, uniq_grinder,
          uniq_robin
D:4:      layout_layer_cave, minivault_11, chequers_big_river, uniq_eustachio,
          uniq_blork_the_orc
D:5:      layout_basic, minmay_temple_entry_purple_smoke

Skill      XL: |  1 |
---------------+----+-----
Stealth        | 6 |  6.1
Fighting       | |  1.6
Short Blades   | |  2.3
Throwing       | |  2.0
Dodging        | |  1.4

Action                     || total
---------------------------++-------
  Melee: Dagger            ||    26
         Punch             ||     3
   Stab: Sleeping          ||     1
 Armour: Robe              ||     2
  Dodge: Dodged            ||    17

Table legend: (Time is in decaauts)
 A = Elapsed time spent in this place.
 B = Non-inter-level travel time spent in this place.
 C = Inter-level travel time spent in this place.
 D = Time resting spent in this place.
 E = Time spent auto-exploring this place.
 F = Levels seen in this place.
 G = Mean time per level.
                   A        B        C        D        E       F      G
               +--------+--------+--------+--------+--------+-----+--------+
         Total |    165 |    165 |      0 |      0 |      0 |   5 |   33.0 |
       Dungeon |    165 |    165 |      0 |      0 |      0 |   5 |   33.0 |
               +--------+--------+--------+--------+--------+-----+--------+

Top non-repeatable levels by time:
     D:3: 61 daAuts
     D:2: 42 daAuts
     D:1: 40 daAuts
     D:5: 10 daAuts
     D:4: 9 daAuts
